 Dungeon Crawl Stone Soup version 0.28-a0-987-g8383568036 (webtiles) character file.

Game seed: 6073640190918186911

43 Decritt the Skirmisher (level 3, -2/24 HPs)
             Began as a Gargoyle Fighter on Dec 4, 2021.
             Slain by a goblin (4 damage)
             ... led by Robin
             ... on level 2 of the Dungeon.
             The game lasted 00:01:45 (1459 turns).

Decritt the Skirmisher (Gargoyle Fighter)           Turns: 1459, Time: 00:01:45

Health: -2/24      AC: 10    Str: 21    XL:     3   Next: 58%
Magic:  3/3        EV:  9    Int:  8    God:
Gold:   91         SH:  4    Dex:  9    Spells: 2/2 levels left

rFire   + . .      SeeInvis .   a - +0 war axe
rCold   . . .      Faith    .   c - +0 buckler
rNeg    + . .      Spirit   .   b - +0 scale mail
rPois   ∞          Reflect  .   (no helmet)
rElec   +          Harm     .   (no cloak)
rCorr   .          Rampage  .   (no gloves)
Will    .....                   (no boots)
Stlth   ..........              (no amulet)
HPRegen 0.08/turn               n - ring of protection from fire
MPRegen 0.08/turn               (no ring)

@: no status effects
A: sickness immunity, AC +3, negative energy resistance 1, electricity
resistance, torment resistance 1, petrification resistance
a: no special abilities


You were on level 2 of the Dungeon.
You visited 1 branch of the dungeon, and saw 2 of its levels.

You collected 91 gold pieces.

Inventory:

Hand Weapons
 a - a +0 war axe (weapon)
Armour
 b - a +0 scale mail (worn)
 c - a +0 buckler (worn)
Jewellery
 n - a ring of protection from fire (left hand)
Scrolls
 e - a scroll of fear {unknown}
 g - a scroll of teleportation {unknown}
 i - 3 scrolls of enchant armour {unknown}
 j - a scroll of noise {unknown}
 l - a scroll of identify {unknown}
Potions
 d - a potion of might
 f - a potion of curing {unknown}
 h - a potion of brilliance {unknown}
 k - a potion of mutation {unknown}
 m - a potion of flight {unknown}


   Skills:
 * Level 3.9 Fighting
 * Level 2.4 Axes
 + Level 3.6 Armour
 + Level 3.6 Shields


You had 2 spell levels left.
You didn't know any spells.
Your spell library contained the following spells:

 Spells                   Type           Power      Damage    Failure   Level
 Animate Dead             Necr           0%         N/A       100%        4
 Haunt                    Necr/Summ      0%         N/A       100%        7
 Infestation              Necr           0%         N/A       100%        8


Dungeon Overview and Level Annotations

Branches:
Dungeon (2/15)

Altars:

Annotations:
D:2 Robin


Innate Abilities, Weirdness & Mutations

You are immune to sickness and miasma.
Your stone body is resilient. (AC +3)
You are immune to poison.
You resist negative energy. (rN+)
You are resistant to electric shocks. (rElec)
You are resistant to unholy torment.
You are immune to petrification.


Message History

The goblin hits you with a +0 dagger. The hobgoblin closely misses you.
The goblin hits you but does no damage. The goblin barely misses you.
The goblin hits you but does no damage. x2
You hit the hobgoblin.
The hobgoblin is almost dead.
You hit the goblin.
You kill the goblin!
You barely miss the goblin. You slash the goblin!
You kill the goblin!
You slash the hobgoblin!
You kill the hobgoblin!
You barely miss the goblin. You closely miss the goblin.
The goblin hits you but does no damage. You block the hobgoblin's attack.
The goblin hits you with a +0 dagger. You block the goblin's attack.
The goblin hits you but does no damage. x2; The hobgoblin hits you.
* * * LOW HITPOINT WARNING * * *
The goblin barely misses you. The hobgoblin hits you.
* * * LOW HITPOINT WARNING * * *
The goblin hits you with a +0 dagger.
* * * LOW HITPOINT WARNING * * *
Robin throws the goblin at you!
* * * LOW HITPOINT WARNING * * *
The hobgoblin hits you but does no damage.
The goblin hits you with a +0 club.
* * * LOW HITPOINT WARNING * * *
The goblin hits you but does no damage.
There is an open door here.
Robin throws the goblin at you!
* * * LOW HITPOINT WARNING * * *
The goblin no longer looks unusually strong.
The goblin barely misses you.
The goblin no longer looks unusually strong.
The hobgoblin no longer looks unusually strong.
The goblin no longer looks unusually strong.
The hobgoblin no longer looks unusually strong.
Robin roars a battlecry!
The goblins go into a battle-frenzy!
There is an open door here.
Robin throws the goblin at you! The goblin hits you with a +0 club.
You die...

.# #.# #.#.... .### #.# #.#.)††
...# #.# #.#.).. ...# #.# #...)..
...# #.# #...... ...# #.# #####
#......
...########.########...####..g...
........†.....##.gg'..g.......gg.
###.#######.#..g@###.gg.#####'###
....## #.#....# #....K.g.....#
###..# #.#....# #....##......#
#.#..## #.#.##.# ####.##......#
..#...# #.#.##.# #.#########
..#.#.# #.#.##.# #[# ..#.#.##
#.#.##.# #.# #.#.#..# #.#.##.#
#.# #.#.##.# #.#.##.# #.#


You could see Robin, a hobgoblin (strong) and 2 goblins.

Vanquished Creatures
  An adder (D:2)
  A dart slug (D:1)
  A ball python (D:1)
  2 endoplasms (D:1)
  A giant cockroach (D:2)
  6 goblins
  5 hobgoblins (D:2)
  4 kobolds (D:1)
  2 quokkas
  2 frilled lizards (D:2)
  3 rats
28 creatures vanquished.

Notes
Turn   | Place    | Note
-------+----------+-------------------------------------------
     0 | D:1      | Decritt the Gargoyle Fighter began the quest for the Orb.
     0 | D:1      | Reached XP level 1. HP: 14/14 MP: 1/1
   596 | D:1      | Reached XP level 2. HP: 19/19 MP: 2/2
  1059 | D:2      | Reached XP level 3. HP: 19/24 MP: 3/3
  1297 | D:2      | Found a faded altar of an unknown god.
  1432 | D:2      | Noticed Robin
  1447 | D:2      | HP: 1/24 [Robin/goblin (1)]
  1459 | D:2      | Slain by a goblin

Illustrated notes

Levels and vault maps discovered:
D:1:      psy_arrival_dodecagon, layout_basic
D:2:      layout_basic, basic_ecumenical_altar, serial_shops, shop,
          palyth_stone_intersect, skrybe_limestone_x, uniq_crazy_yiuf_cottage,
          uniq_robin

Skill      XL: |  1 |
---------------+----+-----
Axes           | 2 |  2.4
Fighting       | |  3.9
Armour         | |  3.6
Shields        | |  3.6

Action                   || total
-------------------------++-------
Melee: War axe           ||    77
Armor: Scale mail        ||    52
Dodge: Dodged            ||    42
Block: Buckler           ||    20

Table legend: (Time is in decaauts)
 A = Elapsed time spent in this place.
 B = Non-inter-level travel time spent in this place.
 C = Inter-level travel time spent in this place.
 D = Time resting spent in this place.
 E = Time spent auto-exploring this place.
 F = Levels seen in this place.
 G = Mean time per level.
                   A        B        C        D        E       F      G
               +--------+--------+--------+--------+--------+-----+--------+
         Total |   1489 |   1465 |     24 |      0 |   1255 |   2 |  744.5 |
       Dungeon |   1489 |   1465 |     24 |      0 |   1255 |   2 |  744.5 |
               +--------+--------+--------+--------+--------+-----+--------+

Top non-repeatable levels by time:
     D:1: 1057 daAuts
     D:2: 432 daAuts
